AoeStats
← gob b

Socotra

505045667Analyzed
4v4 RM · 23d ago on Sep 7, 2026· 49m 39s· 8 players
Game mode
Random Map
Map size
148×148
Population
200
Speed
Normal
Resources
Standard
Victory
Conquest
Starting age
Dark Age
Ending age
Imperial Age
RankedLock teamsTeams togetherTeam positionsShared explorationLock speedFull tech treeHidden civsTurbo modeCheats
Victory
Defeat
🇨🇴 Malay · Colombia
1199
+14
🇫🇷 Magyars · France
1162
+16
🇦🇷 Mongols · Argentina
1158
+16
🇦🇷 Sicilians · Argentina
1104
+18
🇺🇸 Koreans · United States
1223
-19
🇮🇳 Burgundians · India
1157
-16
🇬🇧 Mongols · United Kingdom
1142
-15
🇨🇿 Dravidians · Czechia
1105
-14
Chaneitor
2:06 Loom
12:13 Feudal Age
16:27 Castle Age
16:46 Scale Barding Armor
21:26 Forging
22:19 Bloodlines
23:42 Husbandry
23:53 Pikeman
27:21 Chain Barding Armor
29:29 Town Watch
33:50 Iron Casting
38:12 Gold Mining
39:54 Wheelbarrow
46:55 Imperial Age
45:10 Fletching
45:43 Ballistics
44:51 Light Cavalry
45:18 Horse Collar
45:25 Double-Bit Axe
46:06 Bodkin Arrow
47:47 Hand Cart
47:34 Town Patrol
48:48 Chemistry
47:13 Heavy Camel Rider
49:18 Blast Furnace
49:13 Siege Engineers
agiardpro
1:43 Loom
10:51 Feudal Age
12:18 Double-Bit Axe
12:14 Horse Collar
14:03 Bloodlines
24:17 Castle Age
22:14 Gold Mining
23:00 Fletching
23:10 Padded Archer Armor
25:05 Heavy Plow
26:32 Ballistics
26:58 Pikeman
28:58 Husbandry
30:02 Bodkin Arrow
31:18 Thumb Ring
38:19 Wheelbarrow
40:43 Imperial Age
38:38 Leather Archer Armor
41:27 Recurve Bow
41:48 Conscription
41:57 Parthian Tactics
41:28 Heavy Cavalry Archer
43:41 Bracer
44:55 Bow Saw
46:58 Gold Shaft Mining
jhoncondep
6:23 Loom
10:17 Feudal Age
11:37 Town Watch
18:45 Fletching
19:30 Padded Archer Armor
20:33 Double-Bit Axe
27:31 Castle Age
26:32 Crossbowman
27:18 Thumb Ring
28:12 Wheelbarrow
28:30 Leather Archer Armor
29:05 Gold Mining
29:56 Bodkin Arrow
33:30 Bow Saw
34:09 Gold Shaft Mining
33:17 Elite Skirmisher
36:30 Ballistics
42:22 Hand Cart
44:53 Imperial Age
43:31 Stone Mining
45:22 Chemistry
44:23 Bracer
44:54 Ring Archer Armor
44:31 Horse Collar
47:05 Stone Shaft Mining
48:16 Arbalester
DEBANNICO
0:49 Loom
17:14 Feudal Age
27:10 Horse Collar
27:59 Arson
28:38 Fletching
36:29 Castle Age
35:00 Padded Archer Armor
35:03 Scale Mail Armor
35:15 Forging
35:48 Stone Mining
36:35 Gold Mining
38:33 Chain Mail Armor
38:32 Squires
40:55 Masonry
41:27 Iron Casting
40:48 Pikeman
44:50 Bodkin Arrow
bendellar
5:08 Loom
9:17 Feudal Age
10:09 Double-Bit Axe
12:50 Horse Collar
20:36 Forging
20:32 Scale Barding Armor
44:04 Castle Age
44:43 Wheelbarrow
45:11 Bow Saw
47:45 Heavy Plow
48:51 Scale Mail Armor
JAF23
2:02 Loom
12:03 Feudal Age
12:40 Double-Bit Axe
13:46 Gold Mining
14:32 Horse Collar
24:44 Castle Age
24:09 Fletching
25:48 Bow Saw
26:56 Crossbowman
31:19 Heavy Plow
31:59 Gold Shaft Mining
33:23 Wheelbarrow
35:39 Thumb Ring
35:33 Bodkin Arrow
41:03 Imperial Age
41:07 Arbalester
42:44 Bracer
43:08 Ballistics
gob b
1:08 Loom
11:58 Feudal Age
15:38 Castle Age
14:03 Double-Bit Axe
14:00 Horse Collar
15:30 Gold Mining
16:06 Bow Saw
15:49 Cavalier
21:45 Heavy Plow
21:30 Cavalier
24:26 Two-Man Saw
26:31 Forging
26:26 Scale Barding Armor
27:09 Husbandry
28:22 Iron Casting
28:44 Wheelbarrow
29:01 Chain Barding Armor
38:17 Hand Cart
38:37 Fletching
41:38 Imperial Age
39:31 Bodkin Arrow
39:32 Light Cavalry
41:44 Paladin
43:57 Hussar
47:08 Plate Barding Armor
47:34 Blast Furnace
46:36 Bracer
Jampud
13:12 Loom
21:48 Feudal Age
23:34 Wheelbarrow
22:46 Double-Bit Axe
22:45 Horse Collar
22:57 Gold Mining
26:02 Castle Age
24:28 Fletching
24:39 Padded Archer Armor
27:05 Bodkin Arrow
27:26 Leather Archer Armor
31:04 Ballistics
30:48 Husbandry
31:17 Hand Cart
34:10 Elite Skirmisher
39:31 Heavy Plow
39:44 Bow Saw
44:38 Medical Corps
46:38 Thumb Ring
Connection lost

Rejoining the realm…

Still unreachable

The connection could not be restored.

Session expired

The server has moved on; the page needs a fresh start.